 Dungeon Crawl Stone Soup version 0.23.2-11-gf996548 (webtiles) character file.

Game seed: 14868816872198474391

59028 Fang the Fighter (level 14, -6/144 HPs)
             Began as a Gargoyle Berserker on June 4, 2019.
             Was the Champion of Trog.
             Mangled by an enormous slime creature (13 damage)
             ... on level 12 of the Dungeon.
             The game lasted 00:20:56 (18412 turns).

Fang the Fighter (Gargoyle Berserker)              Turns: 18412, Time: 00:20:56

Health: -6/144     AC: 29    Str: 34    XL:     14   Next: 93%
Magic:  14/14      EV: 13    Int:  6    God:    Trog [******]
Gold:   1155       SH:  0    Dex:  9    Spells: 13/13 levels left

rFire    + . .     SeeInvis .   o - +8 executioner's axe (chop)
rCold    + + .     Gourm    .   (shield currently unavailable)
rNeg     + . .     Faith    .   b - +3 plate armour
rPois    ∞         Spirit   .   (no helmet)
rElec    +         Reflect  .   w - scarf {rC+ rF+}
rCorr    .         Harm     .   (no gloves)
MR       +++..     Rnd*Rage +   (no boots)
Stlth    ..........             A - necklace of Bloodlust {*Rage +Rage MR++ Int-3 Slay+6 *Curse} (curse)
HPRegen  0.34/turn              e - ring of protection from cold
MPRegen  0.14/turn              F - +4 ring of strength

@: berserking, flying, very quick
A: big wings, negative energy resistance 1, electricity resistance, unbreathing,
petrification resistance, rot immunity, AC +10
a: Stop Flying, Berserk, Trog's Hand, Brothers in Arms, Renounce Religion, Evoke
Berserk Rage


You were on level 12 of the Dungeon.
You worshipped Trog.
Trog was exalted by your worship.
You were hungry.

You visited 2 branches of the dungeon, and saw 18 of its levels.

You collected 1155 gold pieces.

Inventory:

Hand Weapons
 a - a +1 war axe of freezing
 o - a +8 executioner's axe of chopping (weapon)
 r - a +8 antimagic battleaxe
 u - a +1 battleaxe of flaming
 v - the +1 battleaxe of the Final Decision {elec, rElec Int-5 Dex+2}
   (Trog gifted it to you on level 12 of the Dungeon)

   Occasionally, upon striking a foe, it will discharge some electrical energy
   and cause terrible harm.
   It affects your intelligence (-5).
   It affects your dexterity (+2).
   It insulates you from electricity.
 B - the +2 hand axe of the Vulture {flame, *Corrode MR++ Str+6}
   (Trog gifted it to you on level 6 of the Lair of Beasts)

   It has been specially enchanted to burn those struck by it, causing extra
   injury to most foes and up to half again as much damage against particularly
   susceptible opponents.
   Big, fiery blades are also staple armaments of hydra-hunters.
   It affects your strength (+6).
   It affects your resistance to hostile enchantments.
   It may corrode you when you take damage.
Armour
 b - a +3 plate armour (worn)
 p - a scarf of spirit shield
 w - a scarf of resistance (worn)
Jewellery
 e - a ring of protection from cold (left hand)
 y - an uncursed ring of magical power
 A - the cursed necklace of Bloodlust (around neck) {*Rage +Rage MR++ Int-3 Slay+6 *Curse}
   (You found it on level 11 of the Dungeon)

   [amulet of rage]

   It affects your intelligence (-3).
   It affects your accuracy and damage with ranged weapons and melee attacks
   (+6).
   It affects your resistance to hostile enchantments.
   It lets you go berserk.
   It may make you go berserk in combat.
   It curses itself when equipped.
   It has a curse placed upon it.
 C - an uncursed ring of fire
 D - a +3 ring of intelligence
 E - an uncursed ring of stealth
 F - a +4 ring of strength (right hand)
 G - an uncursed amulet of the acrobat
Wands
 d - a wand of scattershot (8)
 s - a wand of paralysis (28)
 t - a wand of acid (8)
 x - a wand of flame (106)
 K - a wand of polymorph (10)
 L - a wand of enslavement (15)
Scrolls
 g - 9 scrolls of remove curse
 h - 2 scrolls of fog
 i - a scroll of teleportation
 j - 3 scrolls of blinking
 z - 3 scrolls of fear
 H - 7 scrolls of identify
Potions
 f - 3 potions of mutation
 k - 4 potions of ambrosia
 l - 8 potions of curing
 m - 3 potions of haste
 n - 2 potions of agility
 q - 2 potions of might
 I - a potion of heal wounds
 M - a potion of berserk rage {unknown}
Comestibles
 c - 36 rations
 J - 3 chunks of flesh


   Skills:
 + Level 14.1 Fighting
 + Level 12.1 Axes
 + Level 13.9 Armour
 + Level 11.2 Dodging


You had 13 spell levels left.
You didn't know any spells.
Your spell library was empty.

Dungeon Overview and Level Annotations

Branches:
Dungeon (12/15)            Temple (0/1) D:6            Lair (6/6) D:9
 Shoals (0/4) Lair:2       Spider (0/4) Lair:4        Slime (0/5) Lair:5
    Orc (0/2) D:9

Altars:
Sif Muna
Trog
Xom
Jiyva

Shops:
D:5 *   D:8 *   D:10 [

Annotations:
Lair:3 1 runed translucent door, Sydobbih's ghost, journeyman GrEE
Lair:5 exclusion: 2 oklob plants


Innate Abilities, Weirdness & Mutations

You are resistant to torment.
Your stone body is resilient. (AC +10)
You are immune to poison.
Your large and strong wings let you fly indefinitely.
You resist negative energy. (rN+)
You are resistant to electric shocks. (rElec)
You can survive without breathing.
You are immune to petrification.
You are immune to rotting.


Message History

The very large slime creature is heavily wounded.
The very large slime creature closely misses you.
You carve the very large slime creature like a ham!!!
The very large slime creature is severely wounded.
The very large slime creature misses you.
You slash the very large slime creature!
The very large slime creature is severely wounded.
The very large slime creature hits you!!
* * * LOW HITPOINT WARNING * * *
Two slime creatures merge to form an enormous slime creature.
You barely miss the enormous slime creature.
The enormous slime creature is heavily wounded.
You barely miss the enormous slime creature.
The enormous slime creature is heavily wounded.
The enormous slime creature hits you!!!
* * * LOW HITPOINT WARNING * * *
You slash the enormous slime creature!
The enormous slime creature is severely wounded.
The enormous slime creature hits you!
You die...

#################
#...............#
#.#############.#
#.# #.## #.# #..#
#.# ##.# #.# #@#
#.# #J# #.# #.#
#.# #.# #.# #.#
#.# #.. #.# #..
#.# ... #.#


You could see an enormous slime creature.

Vanquished Creatures
  Snorg (Lair:3)
  Harold (D:7)
  2 hydras
  4 catoblepae
  A centaur warrior (D:11)
  2 two-headed ogres
  2 death knights
  10 death yaks (Lair:6)
  Urug (D:10)
  Sonja (Lair:6)
  An unseen horror (D:12)
  3 phantasmal warriors
  A lindwurm (Lair:6)
  Pikel (D:4)
  4 manticores
  10 elephants (Lair:4)
  6 black mambas
  16 spiny frogs
  Psyche (D:11)
  A freezing wraith (D:11)
  4 komodo dragons
  2 polar bears
  3 trolls
  3 jumping spiders (Lair:4)
  Grinder (D:3)
  14 dream sheep (Lair:6)
  9 blink frogs
  Prince Ribbit (Lair:1)
  8 hippogriffs
  5 slime creatures
  4 wraiths
  A human (D:9)
  31 yaks
  3 hogs (D:9)
  2 wyverns (D:11)
  2 hungry ghosts (D:12)
  5 basilisks
  Grum (D:10)
  2 steam dragons (D:6)
  A warg (D:9)
  5 porcupines
  20 water moccasins
  2 ice beasts
  2 phantoms
  5 sky beasts
  9 black bears
  4 orc warriors
  An eye of draining (D:12)
  6 ogres
  6 wolves
  10 crocodiles
  6 centaurs
  A big kobold (D:11)
  19 bullfrogs
  A water moccasin zombie (D:7)
  5 scorpions
  A killer bee (D:7)
  12 wights
  7 electric eels
  3 howler monkeys
  5 crimson imps
  4 bullfrog zombies
  2 centaur zombies
  2 quasits (D:10)
  3 jellies
  3 bullfrog skeletons
  12 hounds
  9 orc priests
  6 iguanas
  9 orc wizards
  2 centaur skeletons
  Ijyb (D:5)
  3 worker ants
  A hound zombie (D:7)
  Robin (D:4)
  16 adders
  A howler monkey skeleton (D:11)
  3 gnolls (D:11)
  4 shadow imps
  2 adder skeletons (D:7)
  3 worms
  3 dart slugs
  4 leopard geckos
  61 orcs
  6 giant cockroaches
  12 goblins
  7 hobgoblins
  6 jackals
  4 quokkas
  2 ball pythons (D:2)
  9 bats
  3 frilled lizards
  A jackal skeleton (D:3)
  13 kobolds
  12 rats
  A fungus (Lair:3)
  2 plants
534 creatures vanquished.

Vanquished Creatures (others)
  A slave (D:4)
  An ogre (D:4)
  A shadow imp (D:9)
  3 goblins (D:4)
  A hobgoblin (D:4)
  A frilled lizard (D:4)
  2 fungi
  5 plants
  2 withered plants (Lair:3)
17 creatures vanquished.

Grand Total: 551 creatures vanquished

Notes
Turn   | Place    | Note
-------+----------+-------------------------------------------
     0 | D:1      | Fang the Gargoyle Berserker began the quest for the Orb.
     0 | D:1      | Reached XP level 1. HP: 14/14 MP: 1/1
   121 | D:1      | Reached XP level 2. HP: 14/19 MP: 2/2
   278 | D:1      | Found a shimmering altar of Xom.
   551 | D:1      | Reached XP level 3. HP: 23/23 MP: 3/3
  1343 | D:2      | Reached ** piety under Trog
  1544 | D:3      | Reached XP level 4. HP: 29/29 MP: 4/4
  1554 | D:3      | Reached skill level 4 in Fighting
  1605 | D:3      | Noticed Grinder
  1665 | D:3      | Paralysed by Grinder for 6 turns
  1683 | D:3      | Killed Grinder
  1683 | D:3      | Reached XP level 5. HP: 16/34 MP: 5/5
  1683 | D:3      | Reached XP level 6. HP: 18/39 MP: 6/6
  2246 | D:4      | Noticed a slave
  2247 | D:4      | Noticed Pikel
  2247 | D:4      | Noticed a slave
  2248 | D:4      | Noticed a slave
  2249 | D:4      | Noticed a slave
  2250 | D:4      | Noticed Robin
  2258 | D:4      | Killed Pikel
  2258 | D:4      | Reached skill level 5 in Fighting
  2258 | D:4      | Reached XP level 7. HP: 44/44 MP: 4/7
  2279 | D:4      | Killed Robin
  2296 | D:4      | Killed a freed slave
  2326 | D:4      | Reached skill level 5 in Armour
  2440 | D:4      | Found a deep blue altar of Sif Muna.
  2644 | D:4      | Reached XP level 8. HP: 33/51 MP: 5/8
  2787 | D:4      | Reached skill level 6 in Fighting
  3022 | D:5      | Entered Level 5 of the Dungeon
  3481 | D:5      | Noticed Ijyb
  3494 | D:5      | Reached *** piety under Trog
  3494 | D:5      | Reached skill level 5 in Axes
  3495 | D:5      | Killed Ijyb
  3963 | D:5      | Found Dynohala's Assorted Antiques.
  4352 | D:6      | Reached XP level 9. HP: 47/56 MP: 9/9
  4360 | D:6      | Found a bloodstained altar of Trog.
  4369 | D:6      | Found a staircase to the Ecumenical Temple.
  4381 | D:6      | Reached skill level 7 in Fighting
  4381 | D:6      | Reached skill level 5 in Dodging
  5441 | D:7      | Noticed Harold
  5461 | D:7      | Killed Harold
  5461 | D:7      | Reached **** piety under Trog
  5461 | D:7      | Reached skill level 8 in Fighting
  5461 | D:7      | Reached XP level 10. HP: 39/65 MP: 7/10
  6174 | D:7      | Noticed a manticore
  6186 | D:7      | Killed a manticore
  6194 | D:7      | Reached skill level 9 in Fighting
  6613 | D:8      | Found Edodghya's Assorted Antiques.
  7080 | D:9      | Reached ***** piety under Trog
  7149 | D:9      | Reached XP level 11. HP: 71/72 MP: 8/11
  7425 | D:9      | Found a staircase to the Lair.
  7679 | D:9      | Found a staircase to the Orcish Mines.
  7713 | D:9      | Reached skill level 10 in Fighting
  8355 | D:10     | Entered Level 10 of the Dungeon
  8368 | D:10     | Noticed a two-headed ogre
  8376 | D:10     | Killed a two-headed ogre
  8544 | D:10     | Found Qathray's Antique Armour Shop.
  8567 | D:10     | Reached skill level 10 in Armour
  8633 | D:10     | Received a gift from Trog
  8831 | D:10     | Noticed Grum
  8844 | D:10     | Killed Grum
  9215 | D:10     | Noticed Urug
  9229 | D:10     | Killed Urug
  9990 | D:11     | Found the cursed necklace of Bloodlust {*Rage +Rage MR++
                  | Int-3 Slay+6 *Curse}
 10115 | D:11     | Noticed a two-headed ogre
 10119 | D:11     | Killed a two-headed ogre
 10216 | D:11     | Noticed a death knight
 10216 | D:11     | Noticed a phantasmal warrior
 10216 | D:11     | Noticed a phantasmal warrior
 10217 | D:11     | Killed a phantasmal warrior
 10221 | D:11     | Reached XP level 12. HP: 79/79 MP: 7/12
 10222 | D:11     | Reached skill level 11 in Fighting
 10566 | Lair:1   | Entered Level 1 of the Lair of Beasts
 10566 | Lair:1   | Noticed Prince Ribbit
 11324 | Lair:1   | Received a gift from Trog
 11405 | Lair:1   | Found the +8 whip "Snakebite" {curare, rPois}
 11554 | Lair:1   | Killed Prince Ribbit
 11721 | Lair:2   | Identified a scroll of acquirement
 11832 | Lair:2   | Reached skill level 10 in Axes
 11964 | Lair:2   | Found the +10 morningstar "Eos" {elec, Halo rElec}
 12005 | Lair:2   | Found a staircase to the Shoals.
 12021 | Lair:2   | Noticed a seven-headed hydra
 12029 | Lair:2   | Killed a four-headed hydra
 12138 | Lair:2   | Reached skill level 12 in Fighting
 12533 | Lair:3   | Found a runed translucent door.
 12533 | Lair:3   | Noticed Sydobbih's ghost (journeyman GrEE)
 12556 | Lair:3   | Reached XP level 13. HP: 86/86 MP: 13/13
 13110 | Lair:3   | Noticed Snorg
 13121 | Lair:3   | Killed Snorg
 14471 | Lair:4   | Found a hole to the Spider Nest.
 14658 | Lair:5   | Reached skill level 10 in Dodging
 14976 | Lair:5   | Found a staircase to the Slime Pits.
 14994 | Lair:5   | Found a viscous altar of Jiyva.
 15354 | Lair:6   | Entered Level 6 of the Lair of Beasts
 15386 | Lair:6   | Reached skill level 13 in Fighting
 15554 | Lair:6   | Gained mutation: Your large and strong wings let you fly
                  | indefinitely. [Gargoyle growth]
 15554 | Lair:6   | Reached XP level 14. HP: 81/94 MP: 14/14
 15555 | Lair:6   | Reached ****** piety under Trog
 15841 | Lair:6   | Noticed Sonja
 15866 | Lair:6   | Killed Sonja
 16125 | Lair:6   | HP: 3/94 [yak (6)]
 16616 | Lair:6   | Received a gift from Trog
 16625 | Lair:6   | Got a warped hand axe {god gift}
 16626 | Lair:6   | Identified the +2 hand axe of the Vulture {flame, *Corrode
                  | MR++ Str+6} (Trog gifted it to you on level 6 of the Lair
                  | of Beasts)
 17831 | D:11     | Noticed Psyche
 17839 | D:11     | Killed Psyche
 17934 | D:12     | Reached skill level 14 in Fighting
 18316 | D:12     | Received a gift from Trog
 18324 | D:12     | Got an ancient battleaxe {god gift}
 18325 | D:12     | Identified the +1 battleaxe of the Final Decision {elec,
                  | rElec Int-5 Dex+2} (Trog gifted it to you on level 12 of
                  | the Dungeon)
 18411 | D:12     | HP: 7/144 [enormous slime creature (36)]
 18412 | D:12     | Mangled by an enormous slime creature

Skill      XL: |  1  2  3  4  5  6  7  8  9 10 11 12 13 14 |
---------------+-------------------------------------------+-----
Dodging        | 2 3 4 6 7 8 9 10 11 | 11.2
Axes           | 3 4 5 6 8 9 10 11 12 | 12.1
Fighting       | 4 5 6 8 9 10 12 13 14 | 14.1
Armour         | 3 4 5 6 7 9 10 11 12 13 | 13.9

Action                   |  1- 3 |  4- 6 |  7- 9 | 10-12 | 13-15 || total
-------------------------+-------+-------+-------+-------+-------++-------
Melee: Hand axe          |   171 |    81 |   196 |       |       ||   448
       War axe           |       |       |   138 |   430 |       ||   568
       Executioner's axe |       |       |       |   253 |   393 ||   646
       Battleaxe         |       |       |       |     5 |     9 ||    14
Invok: Trog's Hand       |       |     3 |       |       |       ||     3
       Berserk           |       |     3 |     3 |     8 |     5 ||    19
 Abil: Fly               |       |       |       |       |     1 ||     1
  Use: Scroll            |       |       |       |    28 |     8 ||    36
       Potion            |       |       |       |     1 |     2 ||     3
 Stab: Petrified         |       |       |       |       |     4 ||     4
       Petrifying        |       |       |       |       |     2 ||     2
  Eat: Chunk             |     2 |     6 |    14 |    29 |    24 ||    75
       Ration            |       |       |       |     1 |       ||     1
Armor: Animal skin       |    66 |       |       |       |       ||    66
       Chain mail        |     5 |    68 |   250 |    53 |       ||   376
       Plate armour      |       |       |       |   570 |   458 ||  1028
Dodge: Dodged            |   145 |    44 |   205 |   493 |   361 ||  1248
